 Dungeon Crawl Stone Soup version 0.30-a0-242-g7bf8e6d787 (webtiles) character file.

Game seed: 9081214514270360404

88 Sobieck the Shooter (level 4, 0/25 HPs)
             Began as a Deep Elf Hunter on Oct 11, 2022.
             Succumbed to a goblin's poison
             ... on level 4 of the Dungeon.
             The game lasted 00:02:44 (1915 turns).

Sobieck the Shooter (Deep Elf Hunter)               Turns: 1915, Time: 00:02:45

Health: 0/25       AC:  4    Str:  8    XL:     4   Next: 29%
Magic:  6/6        EV: 12    Int: 14    God:
Gold:   157        SH:  0    Dex: 20    Spells: 3/3 levels left

rFire   . . .      SeeInvis .    a - +0 shortbow {bow}
rCold   . . .      Faith    .    (shield currently unavailable)
rNeg    . . .      Spirit   .    c - +0 leather armour
rPois   .          Reflect  .    (no helmet)
rElec   .          Harm     .    (no cloak)
rCorr   .          Rampage  .    (no gloves)
Will    .....                    l - +0 pair of boots
Stlth   ++........               (no amulet)
HPRegen 0.24/turn                (no ring)
MPRegen 0.10/turn                (no ring)

@: lethally poisoned (0 -> -14)
A: no striking features
a: no special abilities


You were on level 4 of the Dungeon.
You visited 1 branch of the dungeon, and saw 5 of its levels.

You collected 157 gold pieces.


   Skills:
 - Level 1.5 Fighting
 + Level 7.7 Ranged Weapons
 - Level 2.4 Dodging
 - Level 1.2 Stealth


You had 3 spell levels left.
You didn't know any spells.
Your spell library contained the following spells:

 Spells                   Type           Power      Damage    Failure   Level
 Sublimation of Blood     Necr           0%         N/A       54%         2
 Petrify                  Tmut/Erth      0%         N/A       99%         4
 Irradiate                Conj/Tmut      0%         3d11      100%        5

Inventory:

Hand Weapons
 a - a +0 shortbow (weapon) {bow}
 r - a +1 vorpal morningstar {mace}
   (You found it on level 5 of the Dungeon)
Missiles
 g - 30 stones {throwing}
 s - 6 boomerangs {throwing}
Armour
 c - a +0 leather armour (worn)
 k - a +0 leather armour
   (You found it on level 2 of the Dungeon)
 l - a +0 pair of boots (worn)
   (You found it on level 2 of the Dungeon)
 q - a +0 leather armour
   (You found it on level 2 of the Dungeon)
 t - a +0 ring mail
   (You took it off an orc on level 5 of the Dungeon)
 u - a +0 scale mail
   (You took it off an orc on level 5 of the Dungeon)
 v - a +0 helmet
   (You found it on level 5 of the Dungeon)
Wands
 n - a wand of digging (3)
   (You found it on level 2 of the Dungeon)
 o - a wand of charming (6)
   (You found it on level 2 of the Dungeon)
Scrolls
 b - a scroll of immolation {!r!r}
 d - a scroll of fear {unknown}
 e - a scroll of fog {unknown}
 f - 4 scrolls of identify {unknown}
 h - 2 scrolls of teleportation {unknown}
 j - a scroll of summoning {unknown}
 m - a scroll of blinking {unknown}
 p - a scroll of acquirement {unknown}
Potions
 i - 2 potions of attraction {unknown}

Dungeon Overview and Level Annotations

Branches:
Dungeon (5/15) Zot: 26964
 Temple: D:4-7

Altars:
Kikubaaqudgha

Shops:
D:1 [

Annotations:
D:5 CertainDeath's ghost, amateur AtWr

.!. ... . .. ..
.. ... # .####
... #. ... ..
#.#g#.##...
#..@......#
.......Y.......
####.._..####..
........
##########


You could see a sky beast and a goblin.


Message History

Unknown command.
You shoot an arrow. The arrow hits the adder.
The adder bites you but does no damage. x2
You shoot an arrow. The arrow hits the adder!
You kill the adder!
No target in view!
Unknown command.
You climb upwards.
The endoplasm freezes you.
You are frozen.
The hobgoblin closely misses you. The hobgoblin hits you.
The endoplasm closely misses you.
There is a stone staircase leading down here.
Danger!
The hobgoblin closely misses you.
The endoplasm hits you but does no damage.
You climb downwards.
Level annotation: CertainDeath's ghost, amateur AtWr
There is a stone staircase leading up here.
Unknown command.
You shoot an arrow. The arrow hits the endoplasm.
You kill the endoplasm!
The hobgoblin completely misses you.
You shoot an arrow. The arrow hits the hobgoblin.
The hobgoblin barely misses you.
You shoot an arrow. The arrow closely misses the hobgoblin.
The hobgoblin hits you but does no damage.
You shoot an arrow.
The arrow hits the hobgoblin but does no damage.
The hobgoblin hits you but does no damage.
You shoot an arrow. The arrow closely misses the hobgoblin.
The hobgoblin hits you. The hobgoblin barely misses you.
You shoot an arrow. The arrow hits the hobgoblin.
You kill the hobgoblin!
No target in view!
You climb upwards.
There is a stone staircase leading down here.
Danger!
You shoot an arrow. The arrow hits the ball python.
You kill the ball python!
No target in view!
A sky beast comes into view.
Danger!
You shoot an arrow. The arrow closely misses the sky beast.
You shoot an arrow.
The arrow completely misses the sky beast.
The sky beast misses you.
You shoot an arrow. The arrow closely misses the sky beast.
The sky beast closely misses you.
Unknown command.
Fire: a) +0 shortbow {bow}
Press: ? - help, Q - select action, (/) - cycle Shift-Dir - straight line, f/p - sky beast
Aim: a sky beast (56% to hit)
You shoot an arrow.
The arrow hits the sky beast but does no damage.
The sky beast hits you. The sky beast shocks you.
Fire: a) +0 shortbow {bow}
Press: ? - help, Q - select action, (/) - cycle Shift-Dir - straight line, f/p - sky beast
Aim: a sky beast (56% to hit)
You shoot an arrow.
The arrow hits the sky beast but does no damage.
A goblin comes into view. It is wielding a +0 dagger of venom.
The sky beast closely misses you.
Fire: a) +0 shortbow {bow}
Press: ? - help, Q - select action, (/) - cycle Shift-Dir - straight line, f/p - sky beast
Aim: a sky beast (56% to hit)
You shoot an arrow. The arrow closely misses the sky beast.
The sky beast closely misses you.
Fire: a) +0 shortbow {bow}
Press: ? - help, Q - select action, (/) - cycle Shift-Dir - straight line, f/p - sky beast
Aim: a sky beast (56% to hit)
You shoot an arrow. The arrow hits the sky beast.
The goblin hits you but does no damage.
The sky beast hits you but does no damage.
Fire: a) +0 shortbow {bow}
Press: ? - help, Q - select action, (/) - cycle Shift-Dir - straight line, f/p - sky beast
Aim: a sky beast (lightly wounded, 56% to hit)
You shoot an arrow. The arrow hits the sky beast.
The goblin hits you with a +0 dagger of venom.
You are poisoned.
The sky beast hits you but does no damage.
The sky beast hits you. The sky beast shocks you.
* * * LOW HITPOINT WARNING * * *
The goblin barely misses you.
Unknown command.
Fire: a) +0 shortbow {bow}
Press: ? - help, Q - select action, (/) - cycle Shift-Dir - straight line, f/p - sky beast
Aim: a sky beast (moderately wounded, 56% to hit)
You shoot an arrow. The arrow closely misses the sky beast.
* * * LOW HITPOINT WARNING * * *
You feel very sick.
The goblin hits you with a +0 dagger of venom.
* * * LOW HITPOINT WARNING * * *
You are more poisoned.
The sky beast barely misses you.
Unknown command.
Fire: a) +0 shortbow {bow}
Press: ? - help, Q - select action, (/) - cycle Shift-Dir - straight line, f/p - sky beast
Aim: a sky beast (moderately wounded, 56% to hit)
You shoot an arrow. The arrow barely misses the sky beast.
You die...

Skill      XL: |  1  2  3 |
---------------+----------+-----
Ranged Weapons | 6 7 |  7.7
Fighting       | |  1.5
Dodging        | |  2.4
Stealth        | |  1.2

Action                   |  1- 3 |  4- 6 || total
-------------------------+-------+-------++-------
 Fire: Shortbow          |   126 |    25 ||   151
Armor: Leather armour    |    19 |     8 ||    27
Dodge: Dodged            |    42 |    13 ||    55

Levels and vault maps discovered:
D:1:      amcnicky_arrival_wind_blow, layout_basic, serial_curves,
          eino_curves_04, eino_curves_04, eino_curves_03, serial_shops,
          nicolae_shop_statue_plus
D:2:      layout_loops_cross
D:3:      layout_rooms, overflow_temple_1_default, nicolae_wormholes,
          uniq_crazy_yiuf_cottage
D:4:      layout_basic, mainiacjoe_overflow_boulevard
D:5:      layout_loops_cross, mainiacjoe_overflow_chevrons,
          vehumet_altar_wand_db, gammafunk_ghost_icy, reono_crystal_passage,
          uniq_prince_ribbit1

Notes
Turn   | Place    | Note
-------+----------+-------------------------------------------
     0 | D:1      | Sobieck the Deep Elf Hunter began the quest for the Orb.
     0 | D:1      | Reached XP level 1. HP: 12/12 MP: 3/3
    98 | D:1      | Found Tiuzop's Armour Shop.
   137 | D:1      | Reached skill level 6 in Ranged Weapons
   137 | D:1      | Reached XP level 2. HP: 10/16 MP: 4/4
   923 | D:2      | You pick up a book of Alchemy and begin reading...
   923 | D:2      | You add the spells Sublimation of Blood, Petrify and
                  | Irradiate to your library.
  1124 | D:2      | Reached XP level 3. HP: 20/20 MP: 5/5
  1534 | D:3      | Reached skill level 7 in Ranged Weapons
  1599 | D:3      | You fall into a shaft and drop 2 floors!
  1599 | D:5      | Entered Level 5 of the Dungeon
  1643 | D:5      | Noticed CertainDeath's ghost (amateur AtWr)
  1644 | D:5      | Noticed an ice beast
  1716 | D:5      | HP: 4/20 [ufetubus (2)]
  1718 | D:5      | Reached XP level 4. HP: 6/25 MP: 6/6
  1885 | D:4      | Found an ancient bone altar of Kikubaaqudgha.
  1905 | D:4      | Noticed a sky beast
  1914 | D:4      | HP: 5/25 [poisoned by a goblin]
  1915 | D:4      | Succumbed to a goblin's poison

Vanquished Creatures
  2 adders (D:5)
  An ufetubus (D:5)
  4 worms
  2 dart slugs (D:2)
  3 orcs
  5 endoplasms
  7 goblins
  2 hobgoblins
  5 kobolds
  2 quokkas
  10 ball pythons
  A bat (D:2)
  2 rats
46 creatures vanquished.

Table legend:
 A = Non-vault XP
 B = Vault XP
 C = Vault XP percentage of total XP
 D = Non-vault monster count
 E = Vault monster count
 F = Vault count percentage of total count
                 A         B        C        D         E       F
            +---------+---------+-------+---------+---------+-------
      Total |     111 |      15 |  11.9 |      43 |       3 |   6.5
            +---------+---------+-------+---------+---------+-------
        D:1 |      29 |       0 |   0.0 |      18 |       0 |   0.0
        D:2 |      30 |      10 |  25.0 |      14 |       2 |  12.5
        D:3 |       5 |       5 |  50.0 |       2 |       1 |  33.3
        D:4 |       3 |       0 |   0.0 |       2 |       0 |   0.0
        D:5 |      44 |       0 |   0.0 |       7 |       0 |   0.0
            +---------+---------+-------+---------+---------+-------

Illustrated notes

Table legend:
 A = Kills in this place as a percentage of kills in entire the game.
 B = Kills by you in this place as a percentage of kills by you in the entire game.
 C = Kills by friends in this place as a percentage of kills by friends in the entire game.
 D = Other kills in this place as a percentage of other kills in the entire game.
 E = Experience gained in this place as a percentage of experience gained in the entire game.
 F = Experience gained in this place divided by the number of levels of this place that you have seen.
                   A       B       C       D       E      F
               +-------+-------+-------+-------+-------+----------------------
         Total | 100.0 | 100.0 |   N/A |   N/A | 100.0 |  25.2
       Dungeon | 100.0 | 100.0 |   N/A |   N/A | 100.0 |  25.2
               +-------+-------+-------+-------+-------+----------------------

Table legend: (Time is in decaauts)
 A = Elapsed time spent in this place.
 B = Non-inter-level travel time spent in this place.
 C = Inter-level travel time spent in this place.
 D = Time resting spent in this place.
 E = Time spent auto-exploring this place.
 F = Levels seen in this place.
 G = Mean time per level.
                   A        B        C        D        E       F      G
               +--------+--------+--------+--------+--------+-----+--------+
         Total |   1949 |   1840 |    109 |     96 |   1409 |   5 |  389.8 |
       Dungeon |   1949 |   1840 |    109 |     96 |   1409 |   5 |  389.8 |
               +--------+--------+--------+--------+--------+-----+--------+

Top non-repeatable levels by time:
     D:1: 831 daAuts
     D:2: 748 daAuts
     D:5: 305 daAuts
     D:3: 43 daAuts
     D:4: 21 daAuts
